 Dungeon Crawl Stone Soup version 0.31-a0-833-gc15d34cb79 (webtiles) character file.

Game seed: 6864323310622912391

2421347 demibob the Conqueror (level 27, 249/249 HPs)
             Began as a Merfolk Chaos Knight on Sept 25, 2023.
             Was the Champion of Okawaru.
             Escaped with the Orb
             ... and 4 runes!
             The game lasted 02:30:32 (64655 turns).

demibob the Conqueror (Merfolk Chaos Knight)       Turns: 64655, Time: 02:30:32

Health: 249/249    AC: 40    Str: 22    XL:     27
Magic:  24/24      EV: 35    Int: 13    God:    Okawaru [******]
Gold:   4518       SH: 48    Dex: 34    Spells: 26/26 levels left

rFire   + + +        a - +9 demon trident (spect)
rCold   + . .        j - +6 tower shield "Liush" {+Inv rC+ Slay+3}
rNeg    + + .        p - +8 fire dragon scales
rPois   +            R - +2 helmet
rElec   +            S - +2 cloak of the Taurataur {rN++ Str+5 SInv}
rCorr   .            n - +0 pair of gloves "Koshrel" {-Cast rElec rPois Will+}
SInv    +            E - -1 pair of boots of Arefus {rF+ Str+5}
Will    +++++        s - brooch of Shielding {Spirit SH+8}
Stlth   +            P - ring "Liskiad" {rPois rF+ rC+ AC+4}
HPRegen 0.61/turn    V - ring "Jyokhes" {Will++ Dex+6}
MPRegen 0.19/turn

%: no spellcasting, guardian spirit
@: studying 3 skills
A: (nimble swimmer 2), mertail, iridescent scales 2, large bone plates 1, agile
1, low MP 2, strong-willed 2, shaggy fur 2
0: Orb of Zot
}: 4/15 runes: barnacled, slimy, silver, gossamer
a: Renounce Religion, Evoke Invisibility, Heroism, Finesse, Duel, Receive Weapon


You escaped.
You worshipped Okawaru.
Okawaru was exalted by your worship.
You visited 12 branches of the dungeon, and saw 56 of its levels.
You visited 1 bazaar.
You also visited: Sewer, Bailey and Desolation.

You collected 7167 gold pieces.
You spent 2649 gold pieces at shops.


Innate Abilities, Weirdness & Mutations

((You are very nimble when in or above water. (Stealth+, EV+, Speed+++)))
Your lower body shifts to a powerful aquatic tail in water.
You are mostly covered in iridescent scales. (AC +4)
You are partially covered in large bone plates. (SH +4)
You are agile. (Dex +4, Str/Int -1)
Your magical capacity is very low. (-20% MP)
You are highly strong-willed. (Will++)
You are covered in thick fur. (AC +2)


   Skills:
 O Level 27 Fighting
 - Level 25.3 Polearms
 - Level 8.2 Throwing
 - Level 13.4 Armour
 - Level 22.7 Dodging
 + Level 26.0 Shields
 - Level 10.1 Invocations


You had 26 spell levels left.
You didn't know any spells.
Your spell library contained the following spells:

 Spells                   Type           Power      Damage    Failure   Level
 Apportation              Tloc           0%         N/A       61%         1
 Foxfire                  Conj/Fire      0%         2x1d4     61%         1
 Freeze                   Ice            0%         1d3       61%         1
 Kiss of Death            Conj/Necr      0%         2d5       61%         1
 Magic Dart               Conj           0%         1d3       61%         1
 Necrotise                Necr           0%         1d4       61%         1
 Sandblast                Erth           0%         2d4       61%         1
 Shock                    Conj/Air       0%         1d3       61%         1
 Slow                     Hex            0%         N/A       61%         1
 Blink                    Tloc           0%         N/A       75%         2
 Cigotuvi's Dreadful Rot  Necr/Pois/Air  0%         N/A       75%         2
 Ensorcelled Hibernation  Hex/Ice        0%         N/A       75%         2
 Jinxbite                 Hex            0%         N/A       75%         2
 Passwall                 Tmut/Erth      0%         N/A       75%         2
 Poisonous Vapours        Pois/Air       0%         N/A       75%         2
 Searing Ray              Conj           0%         2d4       75%         2
 Static Discharge         Conj/Air       0%         2-2/arc   75%         2
 Sublimation of Blood     Necr           0%         N/A       75%         2
 Wereblood                Tmut           0%         N/A       75%         2
 Confusing Touch          Hex            0%         N/A       93%         3
 Dazzling Flash           Conj/Hex       0%         N/A       93%         3
 Frozen Ramparts          Ice            0%         1d1       93%         3
 Gell's Gravitas          Tloc           0%         N/A       93%         3
 Hailstorm                Conj/Ice       0%         3d3       93%         3
 Ignite Poison            Fire/Tmut/Pois 0%         N/A       93%         3
 Inner Flame              Hex/Fire       0%         N/A       93%         3
 Mephitic Cloud           Conj/Pois/Air  0%         N/A       93%         3
 Sigil of Binding         Hex            0%         N/A       93%         3
 Stone Arrow              Conj/Erth      0%         3d7       93%         3
 Swiftness                Air            0%         N/A       93%         3
 Teleport Other           Tloc           0%         N/A       93%         3
 Vampiric Draining        Necr           0%         2d6       93%         3
 Volatile Blastmotes      Fire/Tloc      0%         2d10      93%         3
 Airstrike                Air            0%         2d(0-16)  100%        4
 Brom's Barrelling Bould  Conj/Erth      0%         2d3       100%        4
 Cause Fear               Hex            0%         N/A       100%        4
 Dimensional Bullseye     Hex/Tloc       0%         N/A       100%        4
 Dispel Undead            Necr           0%         3d6       100%        4
 Flame Wave               Conj/Fire      0%         2d4       100%        4
 Fulminant Prism          Conj/Hex       0%         3d5       100%        4
 Iskenderun's Mystic Bla  Conj/Tloc      0%         2d3       100%        4
 Leda's Liquefaction      Hex/Erth       0%         N/A       100%        4
 Manifold Assault         Tloc           0%         N/A       100%        4
 Passage of Golubria      Tloc           0%         N/A       100%        4
 Petrify                  Tmut/Erth      0%         N/A       100%        4
 Sticky Flame             Conj/Fire      0%         2d3       100%        4
 Agony                    Necr           0%         N/A       100%        5
 Alistair's Intoxication  Tmut/Pois      0%         N/A       100%        5
 Fireball                 Conj/Fire      0%         3d3       100%        5
 Freezing Cloud           Conj/Ice/Air   0%         6-21      100%        5
 Irradiate                Conj/Tmut      0%         3d11      100%        5
 Iskenderun's Battlesphe  Conj           0%         2d6       100%        5
 Lee's Rapid Deconstruct  Erth           0%         3d4*      100%        5
 Metabolic Englaciation   Hex/Ice        0%         N/A       100%        5
 Silence                  Hex/Air        0%         N/A       100%        5
 Yara's Violent Unravell  Hex/Tmut       0%         3d3       100%        5
 Bombard                  Conj/Erth      0%         9d1       100%        6
 Conjure Ball Lightning   Conj/Air       0%         3x3d6     100%        6
 Dispersal                Tloc           0%         N/A       100%        6
 Plasma Beam              Fire/Air       0%         2x1d10    100%        6
 Starburst                Conj/Fire      0%         6d3       100%        6
 Enfeeble                 Hex            0%         N/A       100%        7
 Orb of Destruction       Conj           0%         9d5       100%        7
 Ozocubu's Refrigeration  Ice            0%         4d7       100%        7
 Borgnjor's Revivificati  Necr           0%         N/A       100%        8
 Discord                  Hex            0%         N/A       100%        8
 Disjunction              Tloc           0%         N/A       100%        8
 Ignition                 Fire           0%         3d3       100%        8
 Lehudib's Crystal Spear  Conj/Erth      0%         10d2      100%        8
 Chain Lightning          Conj/Air       0%         N/A       100%        9
 Death's Door             Necr           0%         N/A       100%        9
 Fire Storm               Conj/Fire      0%         5d1       100%        9
 Polar Vortex             Ice            0%         N/A       100%        9
 Call Canine Familiar     Summ           Unusable   N/A       N/A         3
 Tukima's Dance           Hex            Unusable   N/A       N/A         3
 Animate Armour           Summ/Erth      Unusable   N/A       N/A         4
 Summon Lightning Spire   Summ/Air       Unusable   N/A       N/A         4
 Death Channel            Necr           Unusable   N/A       N/A         6
 Simulacrum               Ice/Necr       Unusable   N/A       N/A         6
 Haunt                    Necr/Summ      Unusable   N/A       N/A         7
 Dragon's Call            Summ           Unusable   N/A       N/A         9

Inventory:

Hand Weapons
 a - a +9 spectral demon trident (weapon)
 b - the +8 demon trident "Kuaracau" {pain, rF- rN+++ Will++ rCorr}
   (You acquired it on level 3 of the Depths)

   rF-:       It makes you vulnerable to fire.
   rN+++:     It renders you almost immune to negative energy.
   Will++:    It greatly increases your willpower.
   rCorr:     It protects you from acid and corrosion.
Missiles
 c - 25 atropa-tipped darts
 y - 9 throwing nets {=f}
 A - 58 silver javelins
 Z - 13 curare-tipped darts (quivered) {=f}
Armour
 j - the +6 tower shield "Liush" (worn) {+Inv rC+ Slay+3}
   (You took it off Louise on level 15 of the Dungeon)

   Slay+3:    It affects your accuracy & damage with ranged weapons and melee
   (+3).
   rC+:       It protects you from cold.
   +Inv:      It lets you turn invisible.
 n - the +0 pair of gloves "Koshrel" (worn) {-Cast rElec rPois Will+}
   (You acquired it on level 1 of the Shoals)

   rElec:     It insulates you from electricity.
   rPois:     It protects you from poison Will+: It increases your willpower.
   -Cast:     It prevents spellcasting.
 p - +8 fire dragon scales (worn)
 E - the -1 pair of boots of Arefus (worn) {rF+ Str+5}
   (Okawaru gifted it to you on level 5 of the Lair of Beasts)

   Str+5:     It affects your strength (+5).
   rF+:       It protects you from fire.
 R - a +2 helmet (worn)
 S - the +2 cloak of the Taurataur (worn) {rN++ Str+5 SInv}
   (You found it on level 4 of the Shoals)

   Str+5:     It affects your strength (+5).
   rN++:      It greatly protects you from negative energy.
   SInv:      It lets you see invisible.
Jewellery
 s - the brooch of Shielding (around neck) {Spirit SH+8}
   (You took it off a kobold on level 3 of the Dungeon)

   [amulet of guardian spirit]

   Spirit:    It causes incoming damage to be divided between your reserves of
   health and magic.
   SH+8:      It affects your SH (+8).
 C - the ring of Sacu Aqu {Ice rN+ Str+2}
   (You took it off Josephina on level 1 of the Realm of Zot)

   [ring of ice]

   Ice:       It enhances your ice magic.
   Str+2:     It affects your strength (+2).
   rF-:       It makes you vulnerable to fire.
   rC+:       It protects you from cold.
   rN+:       It protects you from negative energy.
 K - the amulet "Nuotum" {Will+ Regen+ rCorr}
   (You took it off a deep elf demonologist on level 3 of the Elven Halls)

   [amulet of regeneration]

   Will+:     It increases your willpower.
   Regen+:    It increases your rate of health regeneration.
   rCorr:     It protects you from acid and corrosion.
 L - a ring of flight
 P - the ring "Liskiad" (left hand) {rPois rF+ rC+ AC+4}
   (You took it off an imperial myrmidon in the Desolation of Salt)

   [ring of protection]

   AC+4:      It affects your AC (+4).
   rF+:       It protects you from fire.
   rC+:       It protects you from cold.
   rPois:     It protects you from poison
 Q - an amulet of reflection
 V - the ring "Jyokhes" (right hand) {Will++ Dex+6}
   (You found it on level 1 of the Vaults)

   [ring of dexterity]

   Dex+6:     It affects your dexterity (+6).
   Will++:    It greatly increases your willpower.
Wands
 e - a wand of roots (74)
 g - a wand of polymorph (12)
 m - a wand of mindburst (25)
 o - a wand of paralysis (80)
 u - a wand of quicksilver (12)
 B - a wand of flame (127)
 Y - a wand of digging (20)
Scrolls
 k - 9 scrolls of fog
 v - 10 scrolls of enchant weapon
 x - 2 scrolls of fear
 z - 4 scrolls of immolation
 F - a scroll of revelation
 J - 10 scrolls of teleportation {@r2}
 N - a scroll of enchant armour
 O - 33 scrolls of identify {@r1}
 U - a scroll of poison
Potions
 d - 20 potions of curing {@q1}
 f - 3 potions of invisibility
 h - 9 potions of mutation
 i - 8 potions of lignification
 l - 4 potions of cancellation
 q - 11 potions of ambrosia
 r - a potion of brilliance
 w - 6 potions of heal wounds {@q2}
 G - 12 potions of enlightenment
 H - 5 potions of haste {@q3}
 M - 3 potions of berserk rage {!q}
 T - 7 potions of resistance
 X - a potion of magic
Miscellaneous
 D - a tin of tremorstones (2/2)

Dungeon Overview and Level Annotations

Branches:
Dungeon (15/15)            Temple (1/1) D:6            Lair (5/5) D:10
 Shoals (4/4) Lair:2       Spider (4/4) Lair:3        Slime (5/5) Lair:4
    Orc (2/2) D:9             Elf (3/3) Orc:2        Vaults (5/5) D:13
  Crypt (3/3) Vaults:3       Tomb (0/3) Crypt:3      Depths (4/4) D:15
    Zot (5/5) Depths:4      Sewer (visited)          Bailey (visited)
Desolation (visited)

Altars:
Ashenzari
Cheibriados
Dithmenos
Elyvilon
Fedhas
Gozag
Hepliaklqana
Kikubaaqudgha
Makhleb
Nemelex Xobeh
Okawaru
Qazlal
Ru
Sif Muna
Trog
Uskayaw
Vehumet
Wu Jian
Xom
Yredelemnul
Zin
The Shining One
Jiyva

Shops:
D:11 :?   Orc:2 [((*?   Elf:2 :   Elf:3 :   Shoals:1 (   Shoals:2 =:!
Vaults:1 *   Vaults:3 ?   Vaults:4 [*   Vaults:5 =*!*   Depths:1 ?

Portals:
Hell: Depths:1 Depths:2 Depths:3 Depths:4
Abyss: D:11 Depths:1 Depths:3
Pandemonium: Depths:2
Ziggurat: Depths:4

Annotations:
D:5 2 transporters, javelincjr's ghost, amateur SpSh
D:11 2 transporters, justen's ghost, journeyman TrDe
Lair:1 1 runed translucent door, D12ThenQuit's ghost, journeyman HuAr
Elf:2 2 runed translucent doors
Depths:2 2 transporters, bakla's ghost, veteran NaHu

.# ####.# #..# #.# .#
#....# ##.# #.. .#####.####
#.# #.. ..........# #.# #.#
....#.....# #.# #..
.##....##.# #.######..
.###.#.##.# #.........
#......##.# #####
########.. #.##.#.##.#
###@.[# #..
#.####.##.####.....## #..
#.# ######..##......# #..
#.# #....##.#.......## ###
.>###.....###4..##...#####
#......##4.....###.....รท.#
#.###4.##.....## ##......#
#.....X.......# #...##.#
####...).######
##...##.########


You could see an orange demon.


Message History

The fireball explodes!
The fireball engulfs you but does no damage.
There is a stone staircase leading up here.
You climb upwards.
There is a stone staircase leading down here.
What level of the Dungeon? (default 1, ? - help)
There is a stone staircase leading up here.
You climb upwards.
Level annotation: 2 transporters, javelincjr's ghost, amateur SpSh
There is a stone staircase leading down here.
There is a stone staircase leading up here.
You climb upwards.
There is a stone staircase leading down here.
There is a stone staircase leading up here.
You climb upwards.
There is a stone staircase leading down here.
You see here 2 poisoned darts.
There is a stone staircase leading up here.
You climb upwards.
There is a stone staircase leading down here.
A shadow demon comes into view.
There is a stone staircase leading up here.
You climb upwards.
There is a stone staircase leading down here.
An orange demon comes into view.
The orange demon moves out of view.
A large abomination comes into view.
The large abomination moves out of view.
There is a staircase leading out of the dungeon here.
You have escaped!

Skill      XL: |  1  2  3  4  5  6  7  8  9 10 11 12 13 14 15 16 17 18 19 20 21 22 23 24 25 26 27 |
---------------+----------------------------------------------------------------------------------+-----
Polearms       | 5 6 8 10 12 13 16 19 22 24 25 | 25.3
Dodging        | 5 6 8 12 14 15 18 19 21 22 | 22.7
Fighting       | 5 6 9 12 15 17 19 20 22 24 25 26 27 | 27.0
Armour         | 1 5 8 9 10 11 12 13 | 13.4
Invocations    | 4 6 9 10 | 10.1
Throwing       | 7 8 |  8.2
Shields        | 2 11 16 17 19 20 21 23 26 | 26.0

Action                     |  1- 3 |  4- 6 |  7- 9 | 10-12 | 13-15 | 16-18 | 19-21 | 22-24 | 25-27 || total
---------------------------+-------+-------+-------+-------+-------+-------+-------+-------+-------++-------
  Melee: Spear             |    94 |   219 |   335 |       |       |       |       |       |       ||   648
         Punch             |     2 |     4 |     3 |       |       |       |       |       |       ||     9
         Tailslap          |       |     2 |    15 |    14 |    13 |    48 |       |    30 |       ||   122
         Halberd           |       |       |   105 |   299 |    26 |     5 |       |       |       ||   435
         Bardiche          |       |       |       |   413 |  1433 |  1123 |       |       |       ||  2969
         Demon trident     |       |       |       |       |       |   648 |  1845 |  1544 |  1350 ||  5387
  Throw: Dart              |       |       |       |       |    33 |    40 |    11 |     1 |       ||    85
         Javelin           |       |       |       |       |     5 |    12 |       |       |       ||    17
 Invoke: Heroism           |       |       |       |     1 |     2 |     5 |     7 |     7 |     8 ||    30
         Receive Armour    |       |       |       |       |     1 |       |       |       |       ||     1
         Finesse           |       |       |       |       |       |     1 |       |       |       ||     1
  Evoke: Wand              |       |     2 |     4 |     5 |     5 |     1 |     2 |       |       ||    19
         Tin of tremorston |       |       |       |       |       |     4 |     2 |     1 |       ||     7
    Use: Scroll            |     6 |     7 |     4 |    11 |     9 |    27 |    16 |    17 |     8 ||   105
         Potion            |       |     2 |     2 |     5 |     5 |     3 |     7 |     8 |     8 ||    40
   Stab: Distracted        |       |     1 |     2 |     3 |     6 |     6 |     6 |    69 |    62 ||   155
         Confused          |       |     3 |       |       |       |       |       |       |       ||     3
         Sleeping          |       |     1 |     9 |    15 |    13 |     8 |    13 |     1 |       ||    60
         Invisible         |       |       |       |     2 |    15 |       |       |       |       ||    17
         Petrified         |       |       |       |       |     3 |       |       |       |       ||     3
         Petrifying        |       |       |       |       |     1 |       |       |       |       ||     1
         Paralysed         |       |       |       |       |     2 |       |       |       |       ||     2
 Armour: Leather armour    |    33 |    71 |   148 |   112 |       |       |       |       |       ||   364
         Swamp dragon scal |       |       |       |    45 |   202 |       |       |       |       ||   247
         Ring mail         |       |       |       |       |   108 |   380 |       |       |       ||   488
         Fire dragon scale |       |       |       |       |       |    43 |   263 |   175 |   128 ||   609
  Dodge: Dodged            |    33 |    80 |   173 |   303 |   783 |   901 |   386 |   256 |   280 ||  3195
  Block: Other             |       |     8 |   122 |   150 |   563 |   427 |       |       |       ||  1270
         Tower shield      |       |       |       |       |       |   719 |  2085 |  1268 |   989 ||  5061

Levels and vault maps discovered:
D:1:      amcnicky_arrival_wind_blow, layout_loops_ring, st_stairs_12
D:2:      layout_basic, basic_altar
D:3:      minmay_octagon_keep, layout_loops_ring
D:4:      minmay_door_path, layout_cave_pools, nicolae_vehumet_altar_sigil,
          kennysheep_generic_room_7
D:5:      layout_gridville, cheibrodos_sewer_entry_bend, gammafunk_ghost_smash,
          kennysheep_nondescript
D:6:      layout_rooms, minmay_temple_entry_junction
D:7:      layout_cave_pools, grunt_temple_overflow_open, serial_column_ruins,
          column_ruins_hut, column_ruins_hut_pillars,
          column_ruins_corridor_corner, column_ruins_corridor_straight,
          column_ruins_grid_1, column_ruins_columns_straight,
          column_ruins_columns_water, hangedman_decor_riveting, uniq_pikel
D:8:      layout_basic, tso_metal_star, special_room [special_room_orc],
          kennysheep_generic_room_13
D:9:      layout_roguey, nicolae_dithmenos_shadow_blocks,
          minmay_orc_entry_temple_small
D:10:     layout_small_grid, erik_lair_island, enter_bailey_3, serial_ice,
          serial_ice_e, serial_ice_f, serial_ice_d, serial_ice_b, uniq_harold
D:11:     layout_loops_corners, gammafunk_ghost_abyssal_escape, serial_shops,
          nicolae_shop_window_shopping, nicolae_custom_books
D:12:     layout_loops_ring
D:13:     layout_big_octagon, hellmonk_vaults_order_and_chaos,
          minmay_misc_feat_square, uniq_sonja, uniq_erolcha
D:14:     layout_rooms, minmay_misc_feat_tiny, bh_walls_and_bars, uniq_rupert,
          uniq_jorgrun, uniq_agnes
D:15:     hangedman_depths_entry_civil_slaughter, layout_long_grid,
          elyvilon_altar_3, uniq_louise, uniq_nessos
Temple:   nicolae_temple_bog_church
Lair:1:   layout_small_grid, ebering_ghost_inner_flame, basic_altar,
          st_stairs_7, dreamdust_gnoll_shepherd, lemuel_fruit_tree,
          grunt_megastairs_3, infiniplex_staircase_pool, uniq_maggie
Lair:2:   layout_loops_ring, elwin_shoals_entry_rocks, grunt_megastairs_5,
          serial_bayou_shore_b, uniq_gastronok
Lair:3:   layout_cave_shapes, nicolae_spider_entry_orb_guardian, st_stairs_4,
          infiniplex_staircase_pool_2
Lair:4:   layout_small_grid, minmay_slime_entry_oklob_enclosed,
          chequers_serial_rivers_micro_e, nicolae_lair_yak_garden,
          serial_bayou_shore_b
Lair:5:   minmay_lair_end_frog_pond, layout_regular_city,
          portal_ice_cave_entry_pillars_1, uniq_kirke
Shoals:1: layout_shoals, serial_shops, nicolae_take_the_stairs
Shoals:2: layout_shoals, serial_shops, bzr_entry_dummy, shop,
          nicolae_stop_n_shop_2, minmay_shop_enchanted_jewellery,
          nicolae_shoals_land_atoll, nicolae_shoals_enchanted_isle
Shoals:3: layout_shoals, nicolae_shoals_pincushion_passage, uniq_polyphemus
Shoals:4: shoals_end_hellmonk_storm_palace [storm_palace_center_ruins,
          storm_palace_corner_grid, storm_palace_corner_blocked,
          storm_palace_corner_grid, storm_palace_corner_pillars]
Spider:1: layout_spider_delve
Spider:2: layout_spider_delve, uniq_roxanne
Spider:3: layout_spider_delve
Spider:4: grunt_spider_rune_circles, nicolae_crawler_farm
Slime:1:  layout_caves
Slime:2:  layout_caves, nicolae_slime_barrier
Slime:3:  layout_caves
Slime:4:  layout_caves
Slime:5:  slime_pit_nicolae_block_by_block
Orc:1:    layout_caves
Orc:2:    grunt_orc_community_town_hall, layout_caves,
          grunt_orc_community_big_house_2, grunt_orc_community_big_house_1,
          grunt_orc_community_house_1, grunt_orc_community_house_3,
          grunt_orc_community_house_1, grunt_orc_community_house_3,
          grunt_orc_community_house_1, serial_shops, nicolae_lakefront_shop,
          mines_bat_river, uniq_maurice
Elf:1:    nicolae_elf_arrival_fired_up, layout_loops_ring,
          minmay_elf_demonology, serial_sigils_hangedman_quiver,
          lemuel_upstairs_altar
Elf:2:    elven_hall_of_blades_hangedman_original
          [nicolae_blade_entry_splitting_headache], layout_geoelf_grid,
          serial_shops, nicolae_shop_real_fake_doors, special_room
          [special_room_mythical_zoo], nicolae_elf_w_pinch
Elf:3:    minmay_elf_hall_x, layout_geoelf_octagon, drop_trap,
          nicolae_shop_self_help
Vaults:1: v_rooms_2, vaults_standard_mumra_enter_the_diamond,
          nicolae_vaults_diamond_1, vaults_room_mumra_shop_pool,
          nicolae_vaults_back_hallway, nicolae_vaults_storing_the_good_stuff,
          nicolae_vaults_little_squares_2, nicolae_vaults_trapezoid_1,
          layout_vaults_omnigrid, serial_shops
Vaults:2: v_alt_pattern_2, v_misc_18, vaults_dpeg_hooks,
          nicolae_vaults_diffraction_hallways, ontoclasm_vaults_idyll,
          nicolae_vaults_variable_pillar_hall, nicolae_vaults_diamond_2,
          v_pattern_2, hangedman_vaults_nodes, layout_vaults_omnicross,
          uniq_margery
Vaults:3: portal_desolation_entry_nicolae_forbidding_blocks,
          hangedman_vaults_corner, nicolae_vaults_octagons,
          nicolae_vaults_little_ls, minmay_crypt_entry_necro_gods, v_misc_8,
          ontoclasm_vaults_tryst, nicolae_vaults_six-pack,
          nicolae_vaults_little_squares_2, ontoclasm_vaults_ring_square,
          nicolae_vaults_diamond_2, vaults_room_pools, layout_vaults_omnibox,
          serial_shops, shop
Vaults:4: v_misc_25, nicolae_vaults_asterisk, vaults_room_ringed_pool,
          nicolae_vaults_specimen_jars, dpeg_vaults_monster_box,
          dpeg_vaults_hating_casters, nicolae_vaults_taking_the_gang_shopping,
          layout_vaults_big_room, serial_shops, shop
Vaults:5: serial_shops
Crypt:1:  layout_chaotic_city, corner_web_ring, grunt_crypt_arrival_split
Crypt:2:  lemuel_vampire_tower, layout_catacombs, grunt_ministairs_14,
          minmay_misc_feat_hallway, nicolae_crypt_crumbling_hall
Crypt:3:  lightli_unholy_cathedral, layout_chaotic_city, minmay_misc_feat_cross
Depths:1: layout_cave_pools, hell_entry, cheibrodos_ashenzari_chains,
          serial_shops, nicolae_shop_rolling_square,
          hangedman_abyss_entry_splay, okawaru_trees_2, serial_bayou_shore_b
Depths:2: nicolae_hitomezashi [nicolae_hito_row, nicolae_hito_row,
          nicolae_hito_row, nicolae_hito_row, nicolae_hito_row,
          nicolae_hito_row, nicolae_hito_row, nicolae_hito_row,
          nicolae_hito_row, nicolae_hito_row, nicolae_hito_row,
          nicolae_hito_row, nicolae_hito_row, nicolae_hito_row,
          nicolae_hito_row, nicolae_hito_row, nicolae_hito_row,
          nicolae_hito_row], layout_honeycomb, corexii_leaking_fountain,
          gammafunk_ghost_berserking_beasts, pan_entry, grunt_mini_vestibule,
          infiniplex_staircase_river, serial_bayou_shore_b
Depths:3: minmay_split_circle, layout_cave_pools, abyss_entry, hell_entry,
          kennysheep_generic_room_14, serial_bayou_shore_b
Depths:4: grunt_x_marks_the_spot, layout_cave_pools, enter_ziggurat_d,
          hangedman_geh_valley
Zot:1:    dreamdust_black_sun_cult, layout_onion, uniq_josephina
Zot:2:    layout_onion_interference
Zot:3:    layout_cellular_growth
Zot:4:    layout_basic
Zot:5:    layout_basic

Notes
Turn   | Place    | Note
-------+----------+-------------------------------------------
     0 | D:1      | demibob the Merfolk Chaos Knight began the quest for the
                  | Orb.
     0 | D:1      | Reached XP level 1. HP: 18/18 MP: 1/1
    66 | D:1      | XOM: silly message
    84 | D:1      | XOM: silly message
   122 | D:1      | Reached XP level 2. HP: 19/24 MP: 2/2
   161 | D:1      | Reached skill level 5 in Polearms
   192 | D:1      | XOM: silly message
   460 | D:1      | Reached XP level 3. HP: 29/29 MP: 3/3
   565 | D:1      | XOM: silly message
   683 | D:2      | XOM: 1-stop teleportation journey
   705 | D:2      | Reached skill level 6 in Polearms
   736 | D:2      | XOM: silly message
   803 | D:2      | Found the +18 Lear's hauberk
   823 | D:2      | XOM: silly message
   830 | D:2      | Reached XP level 4. HP: 34/35 MP: 4/4
   870 | D:2      | Found an ornate altar of the Wu Jian Council.
   883 | D:2      | XOM: god gift: viscous grey potion {god gift}
   903 | D:2      | XOM: 8-stop teleportation journey
  1286 | D:2      | XOM: cloud trail
  1557 | D:3      | XOM: silly message
  1648 | D:3      | XOM: cloud trail
  1784 | D:3      | Reached skill level 7 in Polearms
  1797 | D:3      | Noticed an ogre
  1811 | D:3      | Killed an ogre
  1812 | D:3      | Reached skill level 8 in Polearms
  1812 | D:3      | Reached XP level 5. HP: 14/41 MP: 5/5
  1816 | D:3      | Gained mutation: You are somewhat resistant to further
                  | mutation. [potion of mutation]
  2214 | D:3      | XOM: god gift: 23 gold pieces
  2379 | D:3      | XOM: scenery: create altars
  2386 | D:4      | XOM: noise
  2411 | D:3      | Reached XP level 6. HP: 23/47 MP: 6/6
  2622 | D:4      | Reached skill level 9 in Polearms
  2842 | D:4      | Found a radiant altar of Vehumet.
  2881 | D:4      | XOM: summons 3 hostile shadow creatures
  3048 | D:5      | Entered Level 5 of the Dungeon
  3095 | D:5      | Found a glowing drain.
  3115 | Sewer    | Entered a sewer
  3232 | Sewer    | XOM: confuse monster(s)
  3307 | Sewer    | XOM: cast spell 'Dispersal'
  3323 | Sewer    | Reached skill level 10 in Polearms
  3323 | Sewer    | Reached XP level 7. HP: 52/52 MP: 5/7
  3516 | Sewer    | XOM: 3-stop teleportation journey
  3553 | Sewer    | XOM: 1-stop teleportation journey
  3585 | Sewer    | Reached skill level 11 in Polearms
  3638 | Sewer    | XOM: summons 4 hostile demons
  3926 | D:5      | Got a glossy book
  3962 | D:5      | Found a transporter.
  3963 | D:5      | Noticed javelincjr's ghost (amateur SpSh)
  3963 | D:5      | Identified the +0 dire flail of Discretion {heavy, Drain
                  | rPois Str+3}
  4002 | D:5      | Found a transporter.
  4109 | D:5      | Reached skill level 12 in Polearms
  4109 | D:5      | Reached XP level 8. HP: 58/58 MP: 8/8
  4196 | D:5      | XOM: smoke on damage
  4344 | D:5      | Identified the +5 quarterstaff "Bywig" {chaos, Will++ rCorr
                  | MP-9 Str-3}
  4352 | D:5      | XOM: fake destruction
  4686 | D:5      | XOM: 1-stop teleportation journey
  4709 | D:6      | Found a staircase to the Ecumenical Temple.
  4770 | D:6      | XOM: confuse monster(s)
  4778 | D:6      | XOM: noise
  4780 | D:6      | XOM: cast spell 'Dispersal'
  4783 | D:6      | XOM: enchant monster (bad)
  4788 | D:6      | Reached skill level 3 in Dodging
  4807 | D:6      | Reached skill level 4 in Fighting
  4807 | D:6      | Reached skill level 13 in Polearms
  4807 | D:6      | XOM: give mutations
  4807 | D:6      | Gained mutation: You are covered in fur. (AC +1) [Xom's
                  | grace]
  4807 | D:6      | Gained mutation: You have a pair of small antennae on your
                  | head. [Xom's grace]
  4807 | D:6      | Gained mutation: You are agile. (Dex +4, Str/Int -1) [Xom's
                  | grace]
  4807 | D:6      | Gained mutation: You have sharp fingernails. [Xom's grace]
  4844 | D:6      | XOM: cast spell 'Summon Mana Viper'
  4856 | D:6      | Reached skill level 4 in Dodging
  5076 | D:6      | Reached skill level 5 in Fighting
  5076 | D:6      | Reached skill level 5 in Dodging
  5076 | D:6      | Reached XP level 9. HP: 68/68 MP: 9/9
  5117 | D:6      | XOM: enchant monster (bad)
  5397 | D:6      | Identified the +2 hat "Impiak" {+Blink Stlth+} (Xom gifted
                  | it to you on level 6 of the Dungeon)
  5397 | D:6      | XOM: god gift: +2 hat "Impiak" {+Blink Stlth+}
  5601 | Temple   | Entered the Ecumenical Temple
  5609 | Temple   | Fell from the grace of Xom
  5609 | Temple   | Became a worshipper of Warmaster Okawaru
  5629 | D:7      | Found an opulent altar of Gozag.
  5631 | D:7      | Found a sacrificial altar of Ru.
  5697 | D:7      | Reached skill level 6 in Dodging
  5849 | D:7      | XOM: give mutations
  5849 | D:7      | Gained mutation: You are covered in thick fur. (AC +2)
                  | [Xom's mischief]
  5849 | D:7      | Gained mutation: Your thick and shaggy fur keeps you warm.
                  | (AC +3, rC+) [Xom's mischief]
  5849 | D:7      | Lost mutation: You are somewhat resistant to further
                  | mutation. [Xom's mischief]
  5849 | D:7      | Gained mutation: You have hidden genetic potential. [Xom's
                  | mischief]
  5864 | D:7      | XOM: give mutation
  5864 | D:7      | Gained mutation: You are strong-willed. (Will+) [Xom's
                  | mischief]
  5921 | D:7      | Noticed Pikel
  5954 | D:7      | Reached skill level 14 in Polearms
  5959 | D:7      | Killed Pikel
  5959 | D:7      | Reached * piety under Okawaru
  5969 | D:7      | Reached skill level 15 in Polearms
  6376 | D:7      | XOM: noise
  6437 | D:7      | XOM: give mutation
  6437 | D:7      | Lost mutation: You have a pair of small antennae on your
                  | head. [Xom's mischief]
  6473 | D:7      | Reached skill level 16 in Polearms
  6473 | D:7      | Reached XP level 10. HP: 69/76 MP: 7/10
  6594 | D:8      | Found a glowing golden altar of the Shining One.
  6615 | D:8      | Reached skill level 1 in Armour
  6626 | D:8      | Reached skill level 6 in Fighting
  6736 | D:8      | Identified the +2 whip "Faverhis" {freeze, Str+3 Int+3}
  6761 | D:8      | XOM: stat loss: -3 Str (9/12)
  6878 | D:8      | Identified a scroll of acquirement
  6878 | D:8      | Acquired a +1 bardiche of venom
  6922 | D:8      | Reached ** piety under Okawaru
  7034 | D:8      | Gained mutation: You are highly strong-willed. (Will++)
                  | [hidden potential]
  7255 | D:8      | XOM: give mutations
  7255 | D:8      | Lost mutation: Your thick and shaggy fur keeps you warm.
                  | (AC +3, rC+) [Xom's mischief]
  7255 | D:8      | Gained mutation: Your magical capacity is low. (-10% MP)
                  | [Xom's mischief]
  7255 | D:8      | Gained mutation: Your magical capacity is very low. (-20%
                  | MP) [Xom's mischief]
  7444 | D:8      | XOM: summons 2 hostile shadow creatures
  7662 | D:9      | Reached skill level 17 in Polearms
  7911 | D:9      | Found a shadowy altar of Dithmenos.
  8203 | D:9      | XOM: noise
  8208 | D:9      | Found a staircase to the Orcish Mines.
  8406 | D:10     | Entered Level 10 of the Dungeon
  8407 | D:10     | Noticed Harold
  8410 | D:10     | Found a flagged portal.
  8419 | D:10     | Killed Harold
  8419 | D:10     | Reached *** piety under Okawaru
  8420 | D:10     | Reached skill level 18 in Polearms
  8439 | Bailey   | Entered a bailey
  8444 | Bailey   | Noticed an orc warlord
  8447 | Bailey   | Found the +4 consecrated labrys {holy, Valiant Fragile Fly
                  | SInv}
  8496 | Bailey   | XOM: potion effect (invisibility)
  8497 | Bailey   | Reached **** piety under Okawaru
  8503 | Bailey   | Found a runed translucent gate.
  8503 | Bailey   | Found a runed translucent gate.
  8503 | Bailey   | Found a runed translucent gate.
  8606 | Bailey   | Killed an orc warlord
  8607 | Bailey   | Reached skill level 19 in Polearms
  8607 | Bailey   | Reached XP level 11. HP: 69/81 MP: 6/8
  8623 | Bailey   | Gained mutation: You are partially covered in iridescent
                  | scales. (AC +2) [hidden potential]
  8623 | Bailey   | Lost mutation: You have hidden genetic potential. [hidden
                  | potential expressed]
  8636 | Bailey   | Acquired 406 gold pieces
  8840 | D:10     | Identified the +2 robe of Jeamoh {rF+}
  8885 | D:10     | Reached ***** piety under Okawaru
  9023 | D:10     | Reached skill level 20 in Polearms
  9261 | D:10     | Found a staircase to the Lair.
  9676 | Lair:1   | Entered Level 1 of the Lair of Beasts
  9720 | Lair:1   | Reached skill level 21 in Polearms
  9910 | D:10     | Received a gift from Okawaru
  9932 | D:10     | Reached skill level 22 in Polearms
 10078 | Lair:1   | Reached XP level 12. HP: 88/88 MP: 9/9
 10230 | Lair:1   | Found a shimmering blue altar of Sif Muna.
 10283 | Lair:1   | XOM: stat loss: -3 Int (8/11)
 10299 | Lair:1   | Received a gift from Okawaru
 10304 | Lair:1   | XOM: enchant monster (good)
 10430 | Lair:1   | Noticed Maggie
 10446 | Lair:1   | Killed Maggie
 10447 | Lair:1   | Reached skill level 23 in Polearms
 10575 | Lair:1   | Found a runed translucent door.
 10931 | Lair:1   | Noticed D12ThenQuit's ghost (journeyman HuAr)
 11379 | Lair:2   | Reached skill level 24 in Polearms
 11494 | Lair:2   | Reached skill level 1 in Invocations
 11531 | Lair:2   | Found a staircase to the Shoals.
 11641 | Lair:2   | Reached skill level 2 in Invocations
 11700 | Lair:2   | XOM: god gift: scroll of poison
 11747 | Lair:2   | XOM: summons 3 hostile shadow creatures
 11748 | Lair:2   | Noticed a four-headed hydra
 11768 | Lair:2   | Noticed a boulder beetle
 11778 | Lair:2   | Killed a boulder beetle
 11779 | Lair:2   | Reached skill level 7 in Dodging
 11792 | Lair:2   | XOM: give mutation
 11792 | Lair:2   | Gained mutation: You are very agile. (Dex +8, Str/Int -2)
                  | [Xom's mischief]
 11827 | Lair:2   | Reached skill level 3 in Invocations
 11832 | Lair:2   | Noticed Gastronok
 11860 | Lair:2   | Killed Gastronok
 11860 | Lair:2   | Received a gift from Okawaru
 11861 | Lair:2   | Reached skill level 8 in Dodging
 11861 | Lair:2   | Reached skill level 4 in Invocations
 12173 | Lair:2   | Identified 2 potions of resistance
 12195 | Lair:3   | >>lol
 12195 | Lair:3   | Noticed an eight-headed hydra
 12195 | Lair:3   | Noticed a skyshark
 12205 | Lair:2   | Reached ****** piety under Okawaru
 12232 | Lair:2   | Reached XP level 13. HP: 69/93 MP: 11/13
 12388 | Lair:3   | Found a hole to the Spider Nest.
 12395 | Lair:3   | Reached skill level 5 in Invocations
 12415 | Lair:3   | Reached skill level 9 in Dodging
 12533 | Lair:3   | Reached skill level 6 in Invocations
 12735 | Lair:3   | Reached skill level 10 in Dodging
 12744 | Lair:3   | Received a gift from Okawaru
 12771 | Lair:3   | Reached skill level 7 in Fighting
 12948 | Lair:3   | XOM: give mutations
 12948 | Lair:3   | Gained mutation: You are partially covered in large bone
                  | plates. (SH +4) [Xom's mischief]
 12948 | Lair:3   | Lost mutation: You have sharp fingernails. [Xom's mischief]
 13091 | Lair:3   | Reached skill level 11 in Dodging
 13519 | Lair:4   | Reached skill level 8 in Fighting
 13524 | Lair:4   | Received a gift from Okawaru
 13595 | Lair:4   | Reached skill level 12 in Dodging
 13626 | Lair:4   | Reached skill level 9 in Fighting
 13818 | Lair:4   | Received a gift from Okawaru
 13935 | Lair:4   | Reached XP level 14. HP: 97/109 MP: 11/14
 13941 | Lair:4   | Reached skill level 13 in Dodging
 14023 | Lair:4   | XOM: summons 4 hostile demons
 14300 | Lair:4   | Reached skill level 10 in Fighting
 14343 | Lair:4   | Found a viscous altar of Jiyva.
 14379 | Lair:5   | Entered Level 5 of the Lair of Beasts
 14426 | Lair:5   | Found a frozen archway.
 14457 | Lair:5   | Noticed Kirke
 14498 | Lair:4   | Received a gift from Okawaru
 14515 | Lair:4   | XOM: draining
 14559 | Lair:4   | XOM: summons 1 hostile shadow creature
 14856 | Lair:5   | Reached skill level 14 in Dodging
 14986 | Lair:5   | Reached skill level 2 in Armour
 14997 | Lair:5   | Reached skill level 11 in Fighting
 15082 | Lair:5   | Killed Kirke
 15083 | Lair:5   | Reached skill level 3 in Armour
 15156 | Lair:5   | Received a gift from Okawaru
 15261 | Lair:5   | Reached skill level 4 in Armour
 15267 | Lair:5   | Reached skill level 12 in Fighting
 15773 | Lair:5   | XOM: summons 11 hostile demons
 15773 | Lair:5   | Was forgiven by Xom
 16026 | Lair:5   | Upgraded the game from 0.31-a0-819-gf6de2f5ab6 to
                  | 0.31-a0-833-gc15d34cb79
 16026 | Lair:5   | Acquired the -1 pair of boots of Arefus {rF+ Str+5}
 16026 | Lair:5   | Received a gift from Okawaru
 16195 | Orc:1    | Entered Level 1 of the Orcish Mines
 16237 | Orc:1    | Reached skill level 5 in Armour
 16378 | Orc:1    | Received a gift from Okawaru
 16692 | Orc:2    | Entered Level 2 of the Orcish Mines
 16745 | Orc:2    | Reached XP level 15. HP: 122/122 MP: 15/15
 16866 | Orc:2    | Found a staircase to the Elven Halls.
 17195 | Orc:2    | Reached skill level 13 in Fighting
 17253 | Orc:2    | Noticed an orc warlord
 17276 | Orc:2    | Killed an orc warlord
 17277 | Orc:2    | Reached skill level 1 in Throwing
 17303 | Orc:2    | Noticed Maurice
 17321 | Orc:2    | Killed Maurice
 17438 | Orc:2    | Reached skill level 2 in Throwing
 17460 | Orc:2    | Found Nuqugh's Weapon Shoppe.
 17560 | Orc:2    | Found Ajyushreck's Assorted Antiques.
 17713 | Orc:2    | Found Biobucso's Magic Scroll Emporium.
 18002 | Orc:2    | Found Qezir's Antique Armour Boutique.
 18003 | Orc:2    | Found Mozyod's Antique Weapon Shop.
 18127 | Orc:2    | Bought a scroll of enchant weapon for 97 gold pieces
 18127 | Orc:2    | Bought a scroll of fog for 52 gold pieces
 18183 | Orc:2    | Bought a faintly glowing ring mail for 234 gold pieces
 18183 | Orc:2    | Identified the +5 ring mail of Distant Shores {rC++ rN+}
                  | (You bought it in a shop on level 2 of the Orcish Mines)
 18263 | Orc:2    | Bought a scroll of enchant weapon for 247 gold pieces
 18263 | Orc:2    | Bought a scroll of enchant armour for 247 gold pieces
 18263 | Orc:2    | Bought a potion of curing for 99 gold pieces
 18263 | Orc:2    | Bought a potion of curing for 99 gold pieces
 18407 | D:11     | Reached skill level 3 in Throwing
 18490 | D:11     | Found Meineir's Self-Published Books.
 18533 | D:11     | Found Qosugas's Magic Scroll Shoppe.
 18696 | D:11     | Bought a scroll of enchant armour for 82 gold pieces
 18866 | D:11     | Found a one-way gate to the infinite horrors of the Abyss.
 18915 | D:11     | Found a transporter.
 18919 | D:11     | Found a transporter.
 18931 | D:11     | Noticed justen's ghost (journeyman TrDe)
 19585 | D:12     | Received a gift from Okawaru
 19944 | D:13     | Reached skill level 4 in Throwing
 20468 | D:13     | Reached skill level 14 in Fighting
 20485 | D:13     | Reached skill level 5 in Throwing
 20506 | D:13     | Noticed Sonja
 20510 | D:13     | Noticed Erolcha
 20520 | D:13     | Killed Sonja
 20520 | D:13     | Killed Erolcha
 20715 | D:13     | Found a gate to the Vaults.
 21018 | D:14     | Noticed Agnes
 21035 | D:14     | Killed Agnes
 21036 | D:14     | Received a gift from Okawaru
 21037 | D:14     | Reached skill level 6 in Throwing
 21215 | D:14     | Noticed Rupert
 21241 | D:14     | Killed Rupert
 21479 | D:14     | Noticed Jorgrun
 21502 | D:14     | Killed Jorgrun
 21766 | D:15     | Entered Level 15 of the Dungeon
 21796 | D:15     | Found a white marble altar of Elyvilon.
 21803 | D:15     | Noticed Nessos
 21828 | D:15     | Killed Nessos
 22109 | D:15     | Reached skill level 7 in Throwing
 22124 | D:15     | Identified the +6 tower shield "Liush" {+Inv rC+ Slay+3}
 22124 | D:15     | Noticed Louise
 22156 | D:15     | Killed Louise
 22157 | D:15     | Reached skill level 15 in Fighting
 22338 | D:15     | Received a gift from Okawaru
 22477 | D:15     | Reached XP level 16. HP: 112/132 MP: 12/16
 22745 | D:15     | Reached skill level 8 in Throwing
 22786 | D:15     | Found a staircase to the Depths.
 23485 | Shoals:1 | Entered Level 1 of the Shoals
 23592 | Shoals:1 | Acquired the +0 pair of gloves "Koshrel" {-Cast rElec rPois
                  | Will+}
 23667 | Shoals:1 | Received a gift from Okawaru
 23758 | Shoals:1 | Reached skill level 6 in Armour
 23819 | Shoals:1 | Noticed a kraken
 23845 | Shoals:1 | Killed a kraken
 24045 | Shoals:1 | Found Vuwniloa's Antique Weapon Shop.
 24229 | Shoals:1 | Reached skill level 16 in Fighting
 24435 | Shoals:2 | Found Goplos's Jewellery Shoppe.
 24497 | Shoals:2 | Identified the +2 robe of the Gusle {Drain rN+++ Will-
                  | Regen+}
 24510 | Shoals:2 | Received a gift from Okawaru
 24583 | Shoals:2 | Found Soehos's Distillery.
 24689 | Shoals:2 | Found Azuqydgh's Book Emporium.
 24978 | Shoals:2 | Found a gateway to a bazaar.
 25115 | Shoals:2 | Reached skill level 7 in Armour
 25864 | Shoals:2 | Received a gift from Okawaru
 25869 | Bazaar   | Entered a bazaar
 25963 | Bazaar   | Found Gojefix's Assorted Antiques.
 25985 | Bazaar   | Found Hatisk's Assorted Antiques.
 26006 | Bazaar   | Found Fujionun's Book Boutique.
 26026 | Bazaar   | Found Qatees's Book Shoppe.
 26053 | Bazaar   | Bought a scroll of enchant weapon for 135 gold pieces
 26053 | Bazaar   | Bought a scroll of enchant weapon for 135 gold pieces
 26180 | Shoals:3 | Reached skill level 17 in Fighting
 26626 | Shoals:3 | Reached skill level 8 in Armour
 27044 | Shoals:3 | Received a gift from Okawaru
 27045 | Shoals:3 | Reached skill level 1 in Shields
 27067 | Shoals:3 | Reached skill level 2 in Shields
 27067 | Shoals:3 | Reached XP level 17. HP: 147/147 MP: 17/17
 27170 | Shoals:3 | Reached skill level 3 in Shields
 27341 | Shoals:3 | Reached skill level 4 in Shields
 27460 | Shoals:3 | Reached skill level 5 in Shields
 27675 | Shoals:3 | Noticed Polyphemus
 27765 | Shoals:3 | Reached skill level 6 in Shields
 27782 | Shoals:3 | Killed Polyphemus
 28207 | Shoals:4 | Entered Level 4 of the Shoals
 28213 | Shoals:4 | Reached skill level 7 in Shields
 28891 | Shoals:4 | Reached skill level 8 in Shields
 29035 | Shoals:4 | Received a gift from Okawaru
 29040 | Shoals:4 | Identified the +2 halberd of Impeachment {spect, Str+2}
 29152 | Shoals:4 | Paralysed by an air elemental for 1 turns
 29174 | Shoals:4 | Paralysed by an air elemental for 1 turns
 29278 | Shoals:4 | Reached skill level 9 in Shields
 29378 | Shoals:4 | Identified the +7 flail "Fish" {drain, Will+++ Str-2 Int+3
                  | Dex-4}
 29770 | Shoals:4 | Paralysed by an air elemental for 1 turns
 29803 | Shoals:4 | Reached skill level 10 in Shields
 29807 | Shoals:4 | Paralysed by an air elemental for 1 turns
 29926 | Shoals:4 | Paralysed by an air elemental for 1 turns
 30029 | Shoals:4 | Identified the +10 longbow "Zugrygro" {antimagic, Fragile
                  | Int+2 SInv}
 30151 | Shoals:4 | Received a gift from Okawaru
 30473 | Shoals:4 | Reached skill level 11 in Shields
 30484 | Shoals:4 | Got a barnacled rune of Zot
 30518 | Shoals:4 | Identified the +2 cloak of the Taurataur {rN++ Str+5 SInv}
 31011 | Vaults:1 | Entered Level 1 of the Vaults
 31128 | Vaults:1 | Reached XP level 18. HP: 155/155 MP: 6/18
 31148 | Vaults:1 | Reached skill level 12 in Shields
 31239 | Vaults:1 | Identified the amulet "Kokaal" {Faith Harm rElec Slay-3}
 31361 | Vaults:1 | Identified the ring "Hacuepn" {Contam rElec MP+9 Int+7
                  | Dex+3}
 31445 | Vaults:1 | Identified the ring "Jyokhes" {Will++ Dex+6}
 31575 | Vaults:1 | Received a gift from Okawaru
 31598 | Vaults:1 | Identified the +5 falchion "Athraum" {drain, *Noise +Blink
                  | Will- Dex+7}
 31607 | Vaults:1 | Found Ykhleumm's General Store.
 31665 | Vaults:1 | Bought a scroll of enchant armour for 127 gold pieces
 31783 | Vaults:1 | Reached skill level 13 in Shields
 32368 | Vaults:1 | Reached skill level 14 in Shields
 32527 | Vaults:1 | Received a gift from Okawaru
 33310 | Vaults:2 | Reached skill level 15 in Shields
 33413 | Vaults:2 | Received a gift from Okawaru
 33926 | Vaults:2 | Reached skill level 16 in Shields
 34067 | Vaults:2 | Received a gift from Okawaru
 34125 | Vaults:2 | Reached XP level 19. HP: 161/161 MP: 18/18
 34551 | Vaults:3 | Found a crumbling gateway.
 34555 | Desolati | Entered the Desolation of Salt
 34733 | Desolati | Got a leatherbound book
 34880 | Desolati | Received a gift from Okawaru
 34881 | Desolati | Reached skill level 18 in Fighting
 35111 | Desolati | Reached skill level 9 in Armour
 35674 | Desolati | Identified the +1 ring mail "Dodiupt" {Stlth+}
 35695 | Desolati | Identified the ring "Liskiad" {rPois rF+ rC+ AC+4}
 35743 | Desolati | Got a quivering book
 35748 | Desolati | Identified the +0 plate armour of Ru's Righteous Anger
                  | {rElec rF- Int-3 Dex+7}
 35787 | Desolati | Identified the +5 fire dragon scales of Vehumet's
                  | Inspiration {*Corrode rPois rF++ rC- Int+6}
 35796 | Desolati | Got a fusty book
 35928 | Vaults:3 | Reached skill level 17 in Shields
 35933 | Vaults:3 | Received a gift from Okawaru
 36121 | Vaults:3 | You fall into a shaft and drop 1 floor!
 36366 | Vaults:4 | Received a gift from Okawaru
 36600 | Vaults:4 | Reached skill level 19 in Fighting
 36614 | Vaults:4 | Reached XP level 20. HP: 174/174 MP: 19/19
 36676 | Vaults:4 | Noticed an ancient lich
 36970 | Vaults:4 | Killed an ancient lich
 36971 | Vaults:4 | Reached skill level 18 in Shields
 37020 | Vaults:4 | Received a gift from Okawaru
 37121 | Vaults:4 | Found Toetatajy's General Store.
 37137 | Vaults:4 | Bought a scroll of teleportation for 48 gold pieces
 37564 | Vaults:4 | Found Semof's Armour Boutique.
 37681 | Vaults:3 | Found a staircase to the Crypt.
 37681 | Vaults:3 | Found a basalt altar of Yredelemnul.
 37681 | Vaults:3 | Found an ancient bone altar of Kikubaaqudgha.
 37773 | Vaults:3 | Found the +4 skin of Zhor {*Englaciate rC+++ SInv}
 37841 | Vaults:3 | Found Ifrauxaurr's Magic Scroll Emporium.
 37849 | Vaults:3 | Bought a scroll of enchant armour for 112 gold pieces
 37849 | Vaults:3 | Bought a scroll of teleportation for 45 gold pieces
 37849 | Vaults:3 | Bought a scroll of teleportation for 45 gold pieces
 38092 | Vaults:3 | Reached skill level 20 in Fighting
 38783 | Elf:1    | Entered Level 1 of the Elven Halls
 38822 | Elf:1    | Received a gift from Okawaru
 39039 | Elf:1    | Reached skill level 19 in Shields
 39675 | Elf:2    | Received a gift from Okawaru
 39816 | Elf:2    | Reached XP level 21. HP: 185/185 MP: 20/20
 39832 | Elf:2    | Found Cobitot's Book Boutique.
 39941 | Elf:2    | Found a runed translucent door.
 39972 | Elf:2    | Found a runed translucent door.
 40176 | Elf:3    | Entered Level 3 of the Elven Halls
 40267 | Elf:3    | Reached skill level 21 in Fighting
 40442 | Elf:3    | Found Doghim's Self-Improvement Boutique.
 41244 | Elf:3    | Received a gift from Okawaru
 41375 | Elf:3    | Identified the amulet "Nuotum" {Will+ Regen+ rCorr}
 41681 | Elf:3    | Identified the ring "Dyani" {Ice MP+9}
 41716 | Elf:3    | Reached skill level 20 in Shields
 41716 | Elf:3    | Identified the amulet of Jisk {Regen+ Str+2 Int+2 Dex-5}
 41921 | Elf:3    | Identified the +4 executioner's axe of Dithmenos, Breathing
                  | {heavy, rCorr MP+9 Str+5 Dex-3}
 42104 | Elf:3    | Identified the staff "Weoqeism" {Dex+5 Conj}
 42133 | Elf:3    | Identified the staff of Upheaval {Drain rPois Int+5 Stlth+
                  | Poison}
 42148 | Elf:3    | Got a quavering book
 42500 | Spider:1 | Entered Level 1 of the Spider Nest
 43058 | Spider:2 | Received a gift from Okawaru
 43180 | Spider:2 | Reached skill level 22 in Fighting
 43514 | Spider:2 | Noticed Roxanne
 43528 | Spider:2 | Killed Roxanne
 43857 | Spider:3 | Reached skill level 10 in Armour
 43877 | Spider:3 | Received a gift from Okawaru
 44395 | Spider:4 | Entered Level 4 of the Spider Nest
 44546 | Spider:4 | Reached XP level 22. HP: 198/198 MP: 21/21
 44666 | Spider:4 | Received a gift from Okawaru
 44827 | Spider:4 | Got a gossamer rune of Zot
 45901 | Vaults:5 | Entered Level 5 of the Vaults
 45934 | Vaults:5 | Noticed a golden dragon
 45951 | Vaults:5 | Killed a golden dragon
 45952 | Vaults:5 | Reached skill level 23 in Fighting
 45958 | Vaults:5 | Reached skill level 11 in Armour
 46203 | Vaults:5 | Paralysed by a floating eye for 2 turns
 46224 | Vaults:5 | Received a gift from Okawaru
 46248 | Vaults:5 | Identified the +5 chain mail of the First Snow {rC+}
 46248 | Vaults:5 | Identified the ring of Paranoia {rN+ MP+9}
 46305 | Vaults:5 | Noticed a dread lich
 46308 | Vaults:5 | Noticed an ancient lich
 46830 | Vaults:5 | Received a gift from Okawaru
 46933 | Vaults:5 | Killed an ancient lich
 47033 | Vaults:5 | Found Nuiff's General Store.
 47033 | Vaults:5 | Found Xykarph's General Store.
 47037 | Vaults:5 | Found Ruyvvami's Distillery.
 47041 | Vaults:5 | Bought a wand of digging (3) for 226 gold pieces
 47045 | Vaults:5 | Bought a potion of might for 72 gold pieces
 47045 | Vaults:5 | Bought a potion of haste for 180 gold pieces
 47045 | Vaults:5 | Bought a potion of curing for 54 gold pieces
 47045 | Vaults:5 | Bought a potion of curing for 54 gold pieces
 47060 | Vaults:5 | Reached skill level 24 in Fighting
 47083 | Vaults:5 | Found Qotinej's Jewellery Shoppe.
 47147 | Vaults:5 | Reached skill level 15 in Dodging
 47201 | Vaults:5 | Killed a dread lich
 47208 | Vaults:5 | Reached XP level 23. HP: 177/209 MP: 18/22
 47335 | Vaults:5 | Received a gift from Okawaru
 47496 | Vaults:5 | Reached skill level 16 in Dodging
 47568 | Vaults:5 | Got a silver rune of Zot
 48403 | Depths:1 | Entered Level 1 of the Depths
 48407 | Depths:1 | Found a gateway to Hell.
 48680 | Depths:1 | Found an iron altar of Okawaru.
 48912 | Depths:1 | Found a broken altar of Ashenzari.
 48982 | Depths:1 | Found Tous's Magic Scroll Boutique.
 48986 | Depths:1 | Received a gift from Okawaru
 49019 | Depths:1 | Bought a scroll of teleportation for 42 gold pieces
 49019 | Depths:1 | Bought a scroll of revelation for 105 gold pieces
 49019 | Depths:1 | Bought a scroll of fog for 56 gold pieces
 49019 | Depths:1 | Bought a scroll of fog for 56 gold pieces
 49134 | Depths:2 | Found a one-way gate leading to the halls of Pandemonium.
 49198 | Depths:2 | Reached skill level 17 in Dodging
 49284 | Depths:2 | Reached skill level 25 in Fighting
 49736 | Depths:2 | Reached skill level 18 in Dodging
 49740 | Depths:2 | Noticed a caustic shrike
 49745 | Depths:2 | Noticed bakla's ghost (veteran NaHu)
 49746 | Depths:2 | Noticed a caustic shrike
 49746 | Depths:2 | Noticed a golden dragon
 49754 | Depths:2 | Found a transporter.
 49779 | Depths:2 | Found a transporter.
 49813 | Depths:2 | Received a gift from Okawaru
 50978 | Depths:3 | Noticed a juggernaut
 50988 | Depths:3 | Killed a juggernaut
 51043 | Depths:3 | Reached XP level 24. HP: 174/222 MP: 18/22
 51198 | Depths:3 | Reached skill level 19 in Dodging
 51446 | Depths:4 | Entered Level 4 of the Depths
 51475 | Depths:4 | Received a gift from Okawaru
 51665 | Depths:4 | Found a one-way gateway to a ziggurat.
 51763 | Depths:4 | Reached skill level 26 in Fighting
 52367 | Depths:3 | Acquired the +8 demon trident "Kuaracau" {pain, rF- rN+++
                  | Will++ rCorr}
 52468 | Depths:4 | Found a gate to the Realm of Zot.
 52483 | Depths:4 | Reached skill level 12 in Armour
 52569 | Depths:4 | Reached skill level 7 in Invocations
 52690 | Depths:4 | Received a gift from Okawaru
 53262 | Crypt:1  | Entered Level 1 of the Crypt
 53286 | Crypt:1  | Noticed a curse skull
 53295 | Crypt:1  | Killed a curse skull
 53460 | Crypt:1  | You fall into a shaft and drop 1 floor!
 53548 | Crypt:2  | Reached skill level 8 in Invocations
 53792 | Crypt:1  | Noticed a curse skull
 53803 | Crypt:1  | Killed a curse skull
 54140 | Crypt:1  | Received a gift from Okawaru
 54752 | Crypt:2  | Reached skill level 9 in Invocations
 54806 | Crypt:2  | Received a gift from Okawaru
 54994 | Crypt:2  | Identified the +13 plate armour of the Trombone {rC- rN+
                  | Int+3 Dex+3}
 55220 | Crypt:2  | Found an ancient bone altar of Kikubaaqudgha.
 55235 | Crypt:2  | Identified the staff "Molligejos" {*Slow Will+ Str+4 Conj}
 55429 | Crypt:2  | Reached XP level 25. HP: 232/232 MP: 24/24
 55553 | Crypt:3  | Entered Level 3 of the Crypt
 55553 | Crypt:3  | Noticed a curse skull
 55562 | Crypt:3  | Killed a curse skull
 55783 | Crypt:3  | Reached skill level 10 in Invocations
 55793 | Crypt:3  | Reached skill level 13 in Armour
 56001 | Crypt:3  | Found a staircase to the Tomb.
 56023 | Crypt:3  | Reached skill level 27 in Fighting
 56178 | Crypt:3  | Received a gift from Okawaru
 56576 | Crypt:3  | Identified the ring of Lady Luck {Will+ MP+9}
 56576 | Crypt:3  | Noticed a dread lich
 56587 | Crypt:3  | Killed a dread lich
 56587 | Crypt:3  | Noticed a curse toe
 56596 | Crypt:3  | Killed a curse toe
 56646 | Crypt:3  | Found an ancient bone altar of Kikubaaqudgha.
 56652 | Crypt:3  | Found a basalt altar of Yredelemnul.
 56666 | Crypt:3  | Reached skill level 20 in Dodging
 56688 | Crypt:3  | Identified the +5 chain mail "Taen" {MP-9 Int+6 Dex+2}
 56721 | Crypt:3  | Identified the +8 halberd of Dim Light {freeze, Str+3}
 57209 | Lair:4   | Found a staircase to the Slime Pits.
 57231 | Slime:1  | Entered Level 1 of the Pits of Slime
 57353 | Slime:3  | Received a gift from Okawaru
 57524 | Slime:5  | Entered Level 5 of the Pits of Slime
 57597 | Slime:5  | Reached skill level 21 in Shields
 57691 | Slime:5  | Reached skill level 21 in Dodging
 57928 | Slime:5  | Found a viscous altar of Jiyva.
 57928 | Slime:5  | Noticed the Royal Jelly
 57937 | Slime:5  | Killed the Royal Jelly
 57937 | Slime:5  | Received a gift from Okawaru
 57991 | Slime:5  | Found the +7 great mace "Firestarter" {flame, immolate,
                  | rFlCloud rF++}
 58024 | Slime:5  | Identified the +1 robe of the Desert {rF+ Will- Int+6}
 58025 | Slime:5  | Identified the +0 leather armour of Anarchy {Int+3}
 58051 | Slime:5  | Identified the +11 long sword of Aquanimn {freeze, Str+4}
 58071 | Slime:5  | Identified the amulet of Brawling {Spirit Str+2}
 58094 | Slime:5  | Got a slimy rune of Zot
 58140 | Slime:5  | Got a colourful book
 58634 | Zot:1    | Entered Level 1 of the Realm of Zot
 58860 | Zot:1    | Noticed an orb of fire
 58878 | Zot:1    | Killed an orb of fire
 58886 | Zot:1    | Received a gift from Okawaru
 58890 | Zot:1    | Reached XP level 26. HP: 203/242 MP: 23/24
 58912 | Zot:1    | Identified the +3 whip of the Five Bones {flame, Fragile
                  | rPois rN+ Dex+5}
 58913 | Zot:1    | Got a gaudy book
 59039 | Zot:1    | Identified the ring of Sacu Aqu {Ice rN+ Str+2}
 59039 | Zot:1    | Noticed Josephina
 59053 | Zot:1    | Killed Josephina
 59669 | Zot:2    | Noticed an orb of fire
 59679 | Zot:2    | Killed an orb of fire
 59680 | Zot:2    | Reached skill level 22 in Dodging
 59850 | Zot:2    | Received a gift from Okawaru
 60598 | Zot:3    | Reached skill level 25 in Polearms
 60609 | Zot:3    | Reached skill level 22 in Shields
 60993 | Zot:3    | Received a gift from Okawaru
 61203 | Zot:3    | Noticed a Killer Klown
 61210 | Zot:3    | Killed a Killer Klown
 61678 | Zot:4    | Noticed a Killer Klown
 61687 | Zot:4    | Killed a Killer Klown
 61954 | Zot:4    | Noticed an electric golem
 61955 | Zot:4    | Received a gift from Okawaru
 61973 | Zot:4    | Killed an electric golem
 61974 | Zot:4    | Reached skill level 23 in Shields
 62464 | Zot:5    | Entered Level 5 of the Realm of Zot
 63255 | Zot:5    | Received a gift from Okawaru
 63256 | Zot:5    | Reached XP level 27. HP: 249/249 MP: 24/24
 63302 | Zot:5    | Reached skill level 24 in Shields
 63305 | Zot:5    | Noticed a dread lich
 63332 | Zot:5    | Killed a dread lich
 63511 | Zot:5    | Noticed an ancient lich
 63521 | Zot:5    | Killed an ancient lich
 63529 | Zot:5    | Noticed an orb of fire
 63549 | Zot:5    | Killed an orb of fire
 63582 | Zot:5    | Noticed an electric golem
 63587 | Zot:5    | Killed an electric golem
 63588 | Zot:5    | Noticed an orb of fire
 63588 | Zot:5    | Noticed a curse toe
 63589 | Zot:5    | Lost mutation: You are very agile. (Dex +8, Str/Int -2) [an
                  | orb of fire]
 63592 | Zot:5    | Gained mutation: You are mostly covered in iridescent
                  | scales. (AC +4) [an orb of fire]
 63599 | Zot:5    | Killed an orb of fire
 63599 | Zot:5    | Received a gift from Okawaru
 63613 | Zot:5    | Killed a curse toe
 63630 | Zot:5    | Reached skill level 25 in Shields
 63961 | Zot:5    | Noticed an electric golem
 63976 | Zot:5    | Killed an electric golem
 63978 | Zot:5    | Received a gift from Okawaru
 63989 | Zot:5    | Noticed an orb of fire
 63997 | Zot:5    | Killed an orb of fire
 64084 | Zot:5    | Got the Orb of Zot
 64243 | Depths:4 | Noticed Hefipt the pandemonium lord
 64312 | D:15     | Reached skill level 26 in Shields
 64358 | D:15     | Noticed Quimeh the pandemonium lord
 64655 | D:$      | Escaped with the Orb!

Vanquished Creatures
  the Royal Jelly (Slime:5)
  3 dread liches
  5 orbs of fire
  3 ancient liches
  A juggernaut (Depths:3)
  Josephina (Zot:1)
  2 curse toes
  9 Killer Klowns
  5 golden dragons
  2 bone dragons
  3 electric golems
  16 tentacled monstrosities
  A doom hound (Crypt:2)
  Jorgrun (D:14)
  Rupert (D:14)
  An Ice Fiend (D:15)
  A walking crystal tome (Depths:4)
  A deep elf blademaster (Elf:3)
  4 liches
  A shard shrike skeleton (Crypt:3)
  2 titans (Vaults:5)
  21 Orb Guardians (Zot:5)
  A deep elf master archer (Elf:3)
  Gastronok (Lair:2)
  4 quicksilver dragons
  3 sphinxes
  17 death cobs
  A kraken (Shoals:1)
  10 ancient champions
  Polyphemus (Shoals:3)
  7 acid blobs
  5 tengu reavers (Vaults:5)
  Agnes (D:14)
  Kirke (Lair:5)
  4 shadow dragons
  Roxanne (Spider:2)
  9 storm dragons
  11 rockslimes
  5 draconian monks
  A daeva (Depths:4)
  4 draconian knights
  A revenant (Crypt:3)
  4 azure jellies (Slime:5)
  A spectral juggernaut (Crypt:2)
  12 deep elf sorcerers
  2 imperial myrmidons (Desolation)
  Louise (D:15)
  5 fire giants
  An iron dragon (Depths:2)
  13 vault wardens
  5 frost giants
  7 emperor scorpions (Spider:4)
  4 deep elf elementalists (Elf:3)
  A draconian stormcaller (Zot:3)
  3 curse skulls
  5 draconian shifters
  8 draconian scorchers
  4 orc warlords
  5 ghouls
  3 ghost moths
  A demonspawn corrupter (D:15)
  15 quicksilver oozes
  6 draconian annihilators
  10 formless jellyfish
  2 broodmothers
  10 stone giants
  12 very ugly things
  22 ironbound preservers
  4 war gargoyles
  3 ironbound thunderhulks
  Nessos (D:15)
  11 green draconians
  2 eleionomae (Shoals:2)
  9 yellow draconians
  9 black draconians
  3 demonspawn black suns
  7 dire elephants
  9 vampire knights
  9 red draconians
  8 deep elf annihilators (Elf:3)
  3 halazid warlocks (Desolation)
  A spectral titan (Crypt:2)
  7 spark wasps
  8 white draconians
  6 deep elf demonologists
  12 purple draconians
  7 eidola
  13 deep elf death magi
  A blizzard demon (Depths:2)
  7 deep elf high priests
  11 ettins
  14 merfolk impalers
  A spectral quicksilver dragon (Crypt:2)
  2 mummy priests (Crypt:3)
  A crystal guardian (Desolation)
  8 fire dragons
  9 merfolk javelineers
  7 ragged hierophants (Desolation)
  6 entropy weavers
  13 jiangshi
  15 great orbs of eyes
  12 yaktaur captains
  13 hydras
  A spectral tengu (Crypt:2)
  Erolcha (D:13)
  Harold (D:10)
  7 peacekeepers
  4 rakshasas
  11 servants of whispers (Desolation)
  31 vault guards
  An ogre mage (Vaults:5)
  3 spriggan air magi
  3 alligator snapping turtles (Shoals:4)
  3 hell beasts
  6 ice dragons
  4 merfolk avatars
  2 radroaches
  2 catoblepae
  12 ironbound frosthearts
  A juggernaut simulacrum (Crypt:2)
  6 boulder beetles
  4 two-headed ogres
  A boulder beetle (shapeshifter) (Vaults:5)
  4 centaur warriors
  3 death yaks
  10 dancing weapons
  6 merfolk aquamancers
  6 satyrs
  4 deep troll shamans
  6 deep troll earth magi
  A spectral dire elephant (Crypt:2)
  4 hell hogs
  7 vampire magi
  7 tengu warriors
  11 demonic crawlers
  5 spriggans
  Sonja (D:13)
  4 hell knights
  7 spriggan berserkers
  2 orc high priests (Orc:2)
  A shock serpent (shapeshifter) (Depths:3)
  7 deep elf knights
  A soul eater (Crypt:2)
  A sun demon (Depths:4)
  9 iron trolls
  8 skysharks
  A spectral bunyip (Crypt:2)
  A sun moth (Spider:2)
  2 pharaoh ants
  5 sea snakes
  5 skeletal warriors (Crypt:2)
  16 flayed ghosts
  70 deep trolls
  6 shadow wraiths
  A quicksilver dragon simulacrum (Zot:1)
  2 bunyip skeletons (Crypt:1)
  A goliath frog (Lair:5)
  An anaconda zombie (Crypt:3)
  11 orb spiders
  2 glowing orange brains
  A shadow dragon zombie (Crypt:2)
  A shadow demon (D:15)
  9 necromancers
  9 harpies
  12 ironbound convokers
  7 lindwurms (Vaults:1)
  7 wizards
  13 deep elf zephyrmancers
  13 phantasmal warriors
  11 steelbarb worms
  5 deep elf archers
  Pikel (D:7)
  3 oklob plants (Lair:4)
  11 orc knights
  13 wolf spiders
  17 deep elf pyromancers
  4 orc sorcerers
  20 moths of wrath
  A frost giant zombie (Depths:2)
  A spectral alligator snapping turtle (Crypt:2)
  20 fauns
  26 ugly things
  25 manticores
  An iron dragon skeleton (Depths:2)
  2 cyclopes
  A stone giant zombie (Crypt:3)
  5 shining eyes
  A cyclops (shapeshifter) (Depths:3)
  Maurice (Orc:2)
  A moth of wrath (shapeshifter) (Vaults:5)
  20 elephants
  21 vault sentinels
  3 guardian serpents (Desolation)
  A black mamba (shapeshifter) (Depths:3)
  8 black mambas
  7 merfolk sirens
  An eye of devastation (Slime:2)
  2 gargoyles
  Maggie (Lair:1)
  11 water nymphs
  A molten gargoyle (Desolation)
  An unseen horror (shapeshifter) (Vaults:5)
  An alligator snapping turtle zombie (Crypt:1)
  An unseen horror (D:11)
  22 cane toads
  A minotaur zombie (Crypt:3)
  A dire elephant skeleton (Crypt:2)
  A green draconian zombie (Crypt:2)
  A cane toad (shapeshifter) (Depths:3)
  6 torpor snails
  An elf skeleton (Vaults:2)
  4 rime drakes
  9 freezing wraiths
  10 yaktaurs
  A yaktaur (shapeshifter) (Elf:1)
  A purple draconian zombie (Crypt:2)
  12 komodo dragons
  A spectral naga (Crypt:2)
  A ghost moth simulacrum (Zot:1)
  3 efreet
  5 guardian mummies (Crypt:3)
  A spectral demonspawn (Crypt:2)
  2 spectral harpies (Crypt:2)
  10 trolls
  5 tengu conjurers
  4 tyrant leeches
  18 merfolk
  5 hornets
  7 polar bears
  6 meliai
  A harpy zombie (Crypt:2)
  4 harpy skeletons (Crypt:3)
  A tarantella (shapeshifter) (Depths:3)
  10 wind drakes (Shoals:4)
  A tengu simulacrum (Depths:2)
  40 saltlings (Desolation)
  A blink frog (shapeshifter) (Vaults:5)
  A death drake skeleton (Crypt:2)
  4 snapping turtles
  25 tarantellas
  A shadow dragon simulacrum (Crypt:3)
  18 blink frogs
  2 ettin zombies
  A dream sheep (shapeshifter) (Vaults:5)
  12 flying skulls (Crypt:2)
  97 slime creatures
  A human simulacrum (Vaults:2)
  27 dream sheep
  18 culicivoras
  A black mamba zombie (Crypt:3)
  8 air elementals
  34 jumping spiders
  5 centaur simulacra
  A dire elephant simulacrum (Crypt:2)
  2 ushabtiu (Crypt:3)
  5 wyverns
  3 vampires
  27 yaks
  A shadow (D:13)
  A naga simulacrum (Crypt:3)
  2 fire elementals (Elf:1)
  6 hogs
  8 wraiths
  4 basilisks
  31 water elementals
  3 steam dragons
  A green draconian simulacrum (Zot:1)
  41 redbacks
  21 vampire mosquitoes
  A swamp worm (shapeshifter) (Depths:2)
  A harpy simulacrum (Crypt:3)
  A glowing shapeshifter zombie (Depths:2)
  4 acid dragons
  18 water moccasins
  A deep troll skeleton (Crypt:3)
  2 water nymph skeletons
  A hell hound (Elf:2)
  A moth of wrath simulacrum (Zot:1)
  A merfolk zombie (Crypt:1)
  A naga skeleton (Crypt:3)
  A two-headed ogre skeleton (Crypt:3)
  A cane toad skeleton (Crypt:1)
  32 orc warriors
  A sky beast (shapeshifter) (Vaults:5)
  2 black bears
  An ettin simulacrum (Crypt:2)
  A hornet zombie (Crypt:3)
  13 wolves
  6 ogres
  A lindwurm skeleton (Crypt:3)
  4 centaurs
  2 lemures (D:7)
  2 phantoms
  8 kobold brigands
  21 bullfrogs
  2 necrophages (Crypt:1)
  A wyvern zombie (Crypt:1)
  A water moccasin zombie (Crypt:2)
  2 gnoll sergeants
  A human skeleton (Vaults:2)
  12 wights
  3 earth elementals
  2 jellies
  3 killer bees (D:7)
  A wolf zombie (Crypt:2)
  8 electric eels
  4 howler monkeys
  A wolf skeleton (Crypt:1)
  A human zombie (Crypt:3)
  8 hounds
  4 gnoll boudas
  25 orc priests
  A black bear skeleton (Crypt:2)
  A centaur skeleton (Crypt:2)
  3 iguanas
  17 orc wizards
  4 sleepcaps
  A naga zombie (Crypt:3)
  A hound zombie (Crypt:1)
  25 gnolls
  18 adders
  3 river rats (Sewer)
  A shadow imp (D:7)
  3 white imps
  2 ufetubi
  10 worms
  A dart slug (D:2)
  106 orcs
  11 endoplasms
  7 giant cockroaches
  9 goblins
  11 hobgoblins
  9 jackals
  5 quokkas
  5 ball pythons
  9 bats
  A frilled lizard (D:2)
  38 kobolds
  An orc skeleton (Crypt:3)
  8 rats
  3 tentacles (Shoals:1)
2380 creatures vanquished.

Vanquished Creatures (collateral kills)
  A wight (D:6)
  A frilled lizard (D:3)
2 creatures vanquished.

Vanquished Creatures (others)
  A draconian scorcher (Zot:1)
  A torpor snail (shapeshifter) (Depths:3)
  3 saltlings (Desolation)
  A tarantella (Spider:2)
  An orc (Vaults:5)
  An orc zombie (D:3)
  85 spectral weapons
  13 tentacles (Shoals:1)
106 creatures vanquished.

Grand Total: 2488 creatures vanquished

Table legend: (Time is in decaauts)
 A = Elapsed time spent in this place.
 B = Non-inter-level travel time spent in this place.
 C = Inter-level travel time spent in this place.
 D = Time resting spent in this place.
 E = Time spent auto-exploring this place.
 F = Levels seen in this place.
 G = Mean time per level.
                   A        B        C        D        E       F      G
               +--------+--------+--------+--------+--------+-----+--------+
         Total |  60825 |  55191 |   5634 |   5475 |  36286 |  60 | 1013.8 |
       Dungeon |  15205 |  13042 |   2163 |   1025 |   9633 |  15 | 1013.7 |
        Temple |     14 |      7 |      7 |      0 |      0 |   1 |   14.0 |
          Lair |   6593 |   5566 |   1027 |    119 |   3928 |   5 | 1318.6 |
        Shoals |   5657 |   5367 |    290 |    981 |   2989 |   4 | 1414.2 |
   Spider Nest |   2927 |   2770 |    157 |     72 |   1975 |   4 |  731.8 |
    Slime Pits |    927 |    872 |     55 |     47 |    249 |   5 |  185.4 |
  Orcish Mines |   2085 |   1753 |    332 |    365 |    966 |   2 | 1042.5 |
   Elven Halls |   3385 |   3142 |    243 |    885 |   1573 |   3 | 1128.3 |
        Vaults |   8569 |   7834 |    735 |    707 |   4913 |   5 | 1713.8 |
         Crypt |   3430 |   3202 |    228 |    173 |   2327 |   3 | 1143.3 |
        Depths |   4459 |   4232 |    227 |    509 |   2864 |   4 | 1114.8 |
           Zot |   5223 |   5057 |    166 |    353 |   3610 |   5 | 1044.6 |
        Bazaar |    196 |    196 |      0 |      0 |    173 |   1 |  196.0 |
         Sewer |    632 |    632 |      0 |      0 |    433 |   1 |  632.0 |
        Bailey |    313 |    313 |      0 |      0 |    130 |   1 |  313.0 |
    Desolation |   1203 |   1203 |      0 |    236 |    517 |   1 | 1203.0 |
               +--------+--------+--------+--------+--------+-----+--------+

Top non-repeatable levels by time:
Vaults:5: 2104 daAuts
Vaults:1: 2082 daAuts
   Elf:3: 1988 daAuts
Shoals:4: 1981 daAuts
    D:15: 1968 daAuts
Vaults:2: 1611 daAuts
   Orc:2: 1559 daAuts
 Crypt:2: 1540 daAuts
Shoals:3: 1526 daAuts
    D:12: 1504 daAuts
   Zot:5: 1499 daAuts
  Lair:4: 1485 daAuts
  Lair:1: 1462 daAuts
Vaults:4: 1444 daAuts
Depths:3: 1437 daAuts

Table legend:
 A = Non-vault XP
 B = Vault XP
 C = Vault XP percentage of total XP
 D = Non-vault monster count
 E = Vault monster count
 F = Vault count percentage of total count
                 A         B        C        D         E       F
            +---------+---------+-------+---------+---------+-------
      Total |  716057 |  645358 |  47.4 |    1402 |     951 |  40.4
            +---------+---------+-------+---------+---------+-------
        D:1 |      42 |       2 |   4.5 |      25 |       2 |   7.4
        D:2 |      52 |       0 |   0.0 |       9 |       0 |   0.0
        D:3 |     203 |      50 |  19.8 |      13 |      13 |  50.0
        D:4 |      38 |      59 |  60.8 |       8 |       5 |  38.5
        D:5 |     458 |      10 |   2.1 |      16 |       2 |  11.1
        D:6 |    1384 |       0 |   0.0 |      30 |       0 |   0.0
        D:7 |    1212 |     660 |  35.3 |      30 |       2 |   6.2
        D:8 |     993 |     342 |  25.6 |      31 |      20 |  39.2
        D:9 |    1018 |     196 |  16.1 |      10 |       8 |  44.4
       D:10 |    4053 |    2383 |  37.0 |      20 |      19 |  48.7
       D:11 |    2074 |       0 |   0.0 |      14 |       0 |   0.0
       D:12 |    3684 |    1975 |  34.9 |      21 |       2 |   8.7
       D:13 |    5568 |    1653 |  22.9 |      18 |       2 |  10.0
       D:14 |    4697 |    5227 |  52.7 |      10 |       3 |  23.1
       D:15 |   14933 |    6846 |  31.4 |      27 |       8 |  22.9
     Lair:1 |    6738 |    2504 |  27.1 |      29 |      10 |  25.6
     Lair:2 |    5499 |    2373 |  30.1 |      23 |       5 |  17.9
     Lair:3 |    9880 |    1326 |  11.8 |      33 |       3 |   8.3
     Lair:4 |   13896 |    6190 |  30.8 |      42 |      16 |  27.6
     Lair:5 |    9880 |   11170 |  53.1 |      30 |      38 |  55.9
   Shoals:1 |    9961 |       0 |   0.0 |      17 |       0 |   0.0
   Shoals:2 |   11181 |   13405 |  54.5 |      17 |      22 |  56.4
   Shoals:3 |   16549 |   12585 |  43.2 |      33 |      15 |  31.2
   Shoals:4 |   13359 |   24465 |  64.7 |      27 |      54 |  66.7
   Spider:1 |   10543 |       0 |   0.0 |      32 |       0 |   0.0
   Spider:2 |   21219 |    1389 |   6.1 |      50 |       1 |   2.0
   Spider:3 |   16491 |       0 |   0.0 |      44 |       0 |   0.0
   Spider:4 |    8555 |   23119 |  73.0 |      22 |      42 |  65.6
    Slime:1 |    3163 |       0 |   0.0 |       9 |       0 |   0.0
    Slime:2 |   12756 |       0 |   0.0 |      31 |       0 |   0.0
    Slime:3 |    4940 |       0 |   0.0 |       9 |       0 |   0.0
    Slime:4 |    8849 |       0 |   0.0 |      14 |       0 |   0.0
    Slime:5 |   14702 |   24715 |  62.7 |      21 |      25 |  54.3
      Orc:1 |    3223 |       0 |   0.0 |      25 |       0 |   0.0
      Orc:2 |    1469 |    7557 |  83.7 |      20 |      75 |  78.9
      Elf:1 |   15523 |    6132 |  28.3 |      26 |       9 |  25.7
      Elf:2 |    7599 |   18233 |  70.6 |      14 |      24 |  63.2
      Elf:3 |    6438 |   37396 |  85.3 |      10 |      35 |  77.8
   Vaults:1 |   23055 |   18684 |  44.8 |      45 |      26 |  36.6
   Vaults:2 |   34253 |    9926 |  22.5 |      53 |      16 |  23.2
   Vaults:3 |   12537 |   15939 |  56.0 |      17 |      21 |  55.3
   Vaults:4 |   43238 |   14709 |  25.4 |      52 |      13 |  20.0
   Vaults:5 |   21915 |  100505 |  82.1 |      33 |      93 |  73.8
    Crypt:1 |   13361 |       0 |   0.0 |      24 |       0 |   0.0
    Crypt:2 |   15877 |   52892 |  76.9 |      29 |      72 |  71.3
    Crypt:3 |   17725 |   32252 |  64.5 |      29 |      34 |  54.0
   Depths:1 |    7854 |       0 |   0.0 |      12 |       0 |   0.0
   Depths:2 |   42240 |    6009 |  12.5 |      57 |       5 |   8.1
   Depths:3 |   17840 |   11073 |  38.3 |      21 |      11 |  34.4
   Depths:4 |   26183 |   22488 |  46.2 |      32 |      19 |  37.3
      Zot:1 |   13573 |   16610 |  55.0 |      12 |      12 |  50.0
      Zot:2 |   28030 |       0 |   0.0 |      23 |       0 |   0.0
      Zot:3 |   55331 |       0 |   0.0 |      45 |       0 |   0.0
      Zot:4 |   33164 |       0 |   0.0 |      24 |       0 |   0.0
      Zot:5 |   37059 |   89705 |  70.8 |      34 |      37 |  52.1
      Sewer |       0 |     525 | 100.0 |       0 |      28 | 100.0
     Bailey |       0 |    1645 | 100.0 |       0 |      29 | 100.0
 Desolation |       0 |   40434 | 100.0 |       0 |      75 | 100.0
            +---------+---------+-------+---------+---------+-------
